 Dungeon Crawl Stone Soup version 0.26-a0-244-g083ca260ac (webtiles) character file.

Game seed: 2593778707617491123

282 BritishOli the Covered (level 6, -3/48 HPs)
             Began as a Demonspawn Fighter on July 8, 2020.
             Succumbed to an orc wizard's poison
             ... on level 4 of the Dungeon.
             The game lasted 00:03:41 (4807 turns).

BritishOli the Covered (Demonspawn Fighter)         Turns: 4807, Time: 00:03:42

Health: -3/48      AC: 15    Str: 19    XL:     6   Next: 6%
Magic:  6/6        EV:  3    Int:  9    God:
Gold:   163        SH:  9    Dex: 12    Spells: 5/5 levels left

rFire    . . .     SeeInvis .   a - +0 long sword
rCold    . . .     Faith    .   c - +0 kite shield
rNeg     . . .     Spirit   .   t - +0 plate armour
rPois    .         Reflect  .   (helmet restricted)
rElec    .         Harm     .   r - +1 cloak {rCorr}
rCorr    +                      u - +0 pair of gloves
MR       .....                  (no boots)
Stlth    ..........             (no amulet)
HPRegen  0.16/turn              (no ring)
MPRegen  0.10/turn              (no ring)

@: lethally poisoned (-3 -> -64), flying
A: antennae 2
a: no special abilities


You were on level 4 of the Dungeon.
You were not hungry.

You visited 1 branch of the dungeon, and saw 4 of its levels.

You collected 163 gold pieces.

Inventory:

Hand Weapons
 a - a +0 long sword (weapon)
Armour
 c - a +0 kite shield (worn)
 r - a +1 cloak of preservation (worn)
 t - a +0 plate armour (worn)
 u - a +0 pair of gloves (worn)
Scrolls
 b - a scroll of amnesia {unknown}
 i - 2 scrolls of noise {unknown}
 l - a scroll of remove curse {unknown}
 m - 6 scrolls of identify {unknown}
 o - a scroll of enchant weapon {unknown}
Potions
 d - a potion of might
 e - 2 potions of heal wounds {unknown}
 g - 2 potions of flight
 h - 4 potions of curing {unknown}
 j - a potion of mutation {unknown}
 k - a potion of brilliance {unknown}
 n - 2 potions of degeneration {unknown}
 p - a potion of invisibility {unknown}
 q - a potion of magic {unknown}
 s - 2 potions of haste {unknown}
 v - 2 potions of experience {unknown}
Comestibles
 f - a ration


   Skills:
 + Level 3.8 Fighting
 * Level 3.5 Long Blades
 * Level 4.2 Armour
 + Level 3.5 Shields


You had 5 spell levels left.
You didn't know any spells.
Your spell library was empty.

Dungeon Overview and Level Annotations

Branches:
Dungeon (4/15)             Temple (0/1) D:4

Altars:
Ru
Yredelemnul


Innate Abilities, Weirdness & Mutations

You have a pair of antennae on your head.


Message History

You are more poisoned.
The orc hits you but does no damage. Something hits you.
* * * LOW HITPOINT WARNING * * *
You are more poisoned.
You slash the orc!
You kill the orc!
* * * LOW HITPOINT WARNING * * *
You feel very sick. Something hits you but does no damage.
You are more poisoned.
You miss something.
* * * LOW HITPOINT WARNING * * *
You feel very sick. Something hits you.
* * * LOW HITPOINT WARNING * * *
You are more poisoned.
It was a potion of flight.
You feel very buoyant.
You fly up into the air.
You die...

...#...#
...... #.###
#.###..#
...... #.#
#..#.....
......####.#
..#.#.###.
..##.# 8.....#
# #.##.# ⌠.#
### ####.##.#
... #
#.......# ..#
....##[##)####
#...>{@.#
#.##.#### ...
..### ##


There were no monsters in sight!

Vanquished Creatures
  An orc priest (D:3)
  A bullfrog skeleton (D:3)
  Crazy Yiuf (D:2)
  Terence (D:2)
  Robin (D:3)
  A howler monkey skeleton (D:4)
  4 adders
  3 worms (D:2)
  A dart slug (D:1)
  3 leopard geckos
  8 orcs
  6 bats
  5 giant cockroaches
  11 hobgoblins
  6 jackals
  2 quokkas
  A ball python (D:3)
  2 frilled lizards (D:1)
  19 goblins
  7 kobolds
  12 rats
  A spectral orc (D:2)
97 creatures vanquished.

Notes
Turn   | Place    | Note
-------+----------+-------------------------------------------
     0 | D:1      | BritishOli the Demonspawn Fighter began the quest for the
                  | Orb.
     0 | D:1      | Reached XP level 1. HP: 18/18 MP: 1/1
   226 | D:1      | Gained mutation: You have a pair of small antennae on your
                  | head. [demonic ancestry]
   226 | D:1      | Reached XP level 2. HP: 24/24 MP: 2/2
   423 | D:1      | Reached skill level 3 in Armour
   662 | D:1      | Gained mutation: You have a pair of antennae on your head.
                  | [demonic ancestry]
   662 | D:1      | Reached XP level 3. HP: 27/29 MP: 3/3
  1648 | D:2      | Found a sacrificial altar of Ru.
  2354 | D:2      | Noticed Terence
  2388 | D:2      | Killed Terence
  2388 | D:2      | Reached XP level 4. HP: 5/35 MP: 4/4
  2671 | D:2      | Found a basalt altar of Yredelemnul.
  2882 | D:2      | Found a runed translucent door.
  2883 | D:2      | Noticed Crazy Yiuf
  2894 | D:2      | Killed Crazy Yiuf
  3400 | D:3      | Noticed Robin
  3415 | D:3      | Reached XP level 5. HP: 34/41 MP: 5/5
  3426 | D:3      | Killed Robin
  4194 | D:3      | Reached skill level 4 in Armour
  4712 | D:4      | Reached XP level 6. HP: 48/48 MP: 6/6
  4741 | D:4      | Found a staircase to the Ecumenical Temple.
  4806 | D:4      | HP: 2/48 [something (1)]
  4807 | D:4      | Succumbed to an orc wizard's poison

Illustrated notes

Levels and vault maps discovered:
D:1:      lemuel_arrival_room, layout_loops_ring, minmay_misc_feat_encased
D:2:      layout_basic, marbit_many_paths, yredelemnul_forgotten_temple_becter,
          uniq_terence, uniq_crazy_yiuf_cottage
D:3:      layout_loops_ring, uniq_robin
D:4:      layout_loops_cross, nicolae_overflow_hidden_temple,
          minmay_temple_entry_drinking_statues, first_ration,
          minmay_fire_ice_demons, uniq_blork_the_orc, uniq_sigmund

Skill      XL: |  1  2  3  4  5 |
---------------+----------------+-----
Long Blades    | 2 3 |  3.5
Armour         | 3 4 |  4.2
Shields        | 3 |  3.5
Fighting       | |  3.8

Action                   |  1- 3 |  4- 6 || total
-------------------------+-------+-------++-------
Melee: Long sword        |   201 |   232 ||   433
  Use: Potion            |       |     1 ||     1
  Eat: Ration            |     2 |     2 ||     4
Armor: Scale mail        |    87 |    57 ||   144
       Plate armour      |       |   112 ||   112
Dodge: Dodged            |    45 |    61 ||   106
Block: Kite shield       |    92 |   131 ||   223
       Rpst.: Long sword |    13 |    24 ||    37

Table legend:
 A = Non-vault XP
 B = Vault XP
 C = Vault XP percentage of total XP
 D = Non-vault monster count
 E = Vault monster count
 F = Vault count percentage of total count
                 A         B        C        D         E       F
            +---------+---------+-------+---------+---------+-------
      Total |     289 |     115 |  28.5 |      80 |      17 |  17.5
            +---------+---------+-------+---------+---------+-------
        D:1 |      47 |       0 |   0.0 |      28 |       0 |   0.0
        D:2 |      59 |      77 |  56.6 |      16 |       4 |  20.0
        D:3 |     144 |      38 |  20.9 |      30 |      13 |  30.2
        D:4 |      39 |       0 |   0.0 |       6 |       0 |   0.0
            +---------+---------+-------+---------+---------+-------
